 Dungeon Crawl Stone Soup version 0.25.0-11-g1f837a76a1 (webtiles) character file.

Game seed: 13048519516374843412

28 DungeonDestroyer the Shield-Bearer (level 3, 0/35 HPs)
             Began as a Gnoll Fighter on June 25, 2020.
             Succumbed to an orc wizard's poison
             ... on level 2 of the Dungeon.
             The game lasted 00:00:58 (781 turns).

DungeonDestroyer the Shield-Bearer (Gnoll Fighter)   Turns: 781, Time: 00:00:58

Health: 0/35       AC:  7    Str: 19    XL:     3   Next: 14%
Magic:  3/3        EV:  8    Int: 10    God:
Gold:   52         SH: 10    Dex: 14    Spells: 3/3 levels left

rFire    . . .     SeeInvis .   a - +0 war axe
rCold    . . .     Gourm    .   c - +0 kite shield
rNeg     . . .     Faith    .   b - +0 scale mail
rPois    .         Spirit   .   (no helmet)
rElec    .         Reflect  .   (no cloak)
rCorr    .         Harm     .   (no gloves)
MR       .....                  (no boots)
Stlth    ..........             (no amulet)
HPRegen  0.11/turn              (no ring)
MPRegen  0.08/turn              (no ring)

@: lethally poisoned (0 -> -7)
A: distributed training, fangs 1, strong nose
a: no special abilities


You were on level 2 of the Dungeon.
You were not hungry.

You visited 1 branch of the dungeon, and saw 2 of its levels.

You collected 52 gold pieces.

Inventory:

Hand Weapons
 a - a +0 war axe (weapon)
Missiles
 e - 4 atropa-tipped darts
 h - 27 sling bullets
 l - a throwing net (quivered)
 m - a stone
Armour
 b - a +0 scale mail (worn)
 c - a +0 kite shield (worn)
Scrolls
 i - a scroll of remove curse
 j - a scroll of blinking {unknown}
 k - a scroll of magic mapping
Potions
 d - a potion of might
 n - a potion of degeneration {unknown}
Comestibles
 f - 3 rations
 g - 4 chunks of flesh


   Skills:
 + Level 6.5 Fighting
 + Level 0.6 Short Blades
 + Level 0.6 Long Blades
 + Level 4.5 Axes
 + Level 0.6 Maces & Flails
 + Level 0.6 Polearms
 + Level 0.6 Staves
 + Level 0.6 Slings
 + Level 0.6 Bows
 + Level 0.6 Crossbows
 + Level 0.6 Throwing
 + Level 6.5 Armour
 + Level 0.6 Dodging
 + Level 0.6 Stealth
 + Level 6.5 Shields
 + Level 0.6 Unarmed Combat
 + Level 0.6 Spellcasting
 + Level 0.4 Conjurations
 + Level 0.4 Hexes
 + Level 0.4 Charms
 + Level 0.4 Summonings
 + Level 0.4 Necromancy
 + Level 0.4 Translocations
 + Level 0.4 Transmutations
 + Level 0.4 Fire Magic
 + Level 0.4 Ice Magic
 + Level 0.4 Air Magic
 + Level 0.4 Earth Magic
 + Level 0.4 Poison Magic
 + Level 0.8 Invocations
 + Level 0.6 Evocations


You had 3 spell levels left.
You didn't know any spells.
Your spell library was empty.

Dungeon Overview and Level Annotations

Branches:
Dungeon (2/15)

Altars:


Innate Abilities, Weirdness & Mutations

Your experience applies equally to all skills.
You have very sharp teeth.
Your uncanny sense of smell can sniff out nearby items.


Message History

You bite the orc wizard, but do no damage.
The orc wizard is almost dead.
* * * LOW HITPOINT WARNING * * *
You feel sick.
The orc wizard gestures at you while chanting.
The magic dart hits you.
* * * LOW HITPOINT WARNING * * *
The orc wizard gestures wildly while chanting.
The orc wizard blinks!
* * * LOW HITPOINT WARNING * * *
You feel sick.
Found a whip.
Found a stone staircase leading up.
The orc wizard hits you but does no damage.
You barely miss the orc wizard.
The orc wizard is almost dead.
* * * LOW HITPOINT WARNING * * *
You feel sick. The orc wizard barely misses you.
You closely miss the orc wizard. Your bite misses the orc wizard.
The orc wizard is almost dead.
You die...

.# #................
.# #.............###
.. #............## #.
#..........#.#####^#.
#...#................
∆ .[##....###.####.#
####.# #.# .....###)#
......o@.# ###..###.#
...........<)..#
########.###.#.. #..
### ∆


You could see an orc wizard.

Vanquished Creatures
  An adder (D:2)
  A leopard gecko (D:2)
  An orc (D:2)
  A ball python (D:2)
  2 hobgoblins (D:1)
  3 bats
  A frilled lizard (D:1)
  2 kobolds
  6 rats
18 creatures vanquished.

Notes
Turn   | Place    | Note
-------+----------+-------------------------------------------
     0 | D:1      | DungeonDestroyer the Gnoll Fighter began the quest for the
                  | Orb.
     0 | D:1      | Reached XP level 1. HP: 23/23 MP: 1/1
   272 | D:1      | Reached XP level 2. HP: 29/29 MP: 2/2
   643 | D:2      | Reached XP level 3. HP: 33/35 MP: 3/3
   780 | D:2      | HP: 1/35 [poisoned by an orc wizard]
   781 | D:2      | Succumbed to an orc wizard's poison

Illustrated notes

Levels and vault maps discovered:
D:1:      eino_arrival_water_cross, layout_loops_ring
D:2:      layout_loops_ring, fedhas_ov_isle_minmay, dk_vineyard_1

Action                   || total
-------------------------++-------
Melee: War axe           ||    53
       Bite              ||     6
  Use: Scroll            ||     3
       Potion            ||     3
Armor: Scale mail        ||    20
Dodge: Dodged            ||    17
Block: Kite shield       ||    29
